Map: Abiogeneza ER

Players

TVVphenX - Winner!

  • Race: Protoss Protoss
  • League: Master
  • Spawn Location: 5:00

XorMus

  • Race: Protoss Protoss
  • League: Master
  • Spawn Location: 11:00

VOD

Have the link to the VOD?

Description

Time

  • Played on: May 14, 2018, 6:34 p.m.
  • Length: 5:35
Show
View Real Time Build Order
Export as new Build Order

TVVphenX Protoss - Winner!

Build Orders: Oracle Opening 

Get SALT Encoding   

  12  0:02  Probe  
  13  0:14  Probe  
  13  0:18  Pylon  
  14  0:26  Probe  
  15  0:36  Probe, Gateway  
  16  0:44  Probe  
  17  0:52  Assimilator  
  17  0:53  Probe  
  18  1:04  Assimilator  
  18  1:05  Probe  
  19  1:17  Probe, Gateway  
  20  1:29  Cybernetics Core  
  20  1:33  Probe  
  21  1:45  Probe  
  22  1:48  Pylon  
  22  2:00  Probe  
  23  2:02  Pylon  
  23  2:06  Stargate  
  23  2:14  Adept  
  25  2:18  Adept  
  25  2:21  Warp Gate  
  27  2:24  Probe  
  28  2:39  Oracle  
  30  2:45  Adept  
  30  2:57  Adept  
  35  3:20  Nexus  
  35  3:28  Oracle  
  36  3:44  Stalker x2  
  38  3:50  Shield Battery  
  38  3:57  Probe  
  39  4:24  Robotics Facility  
  39  4:27  Pylon  
  37  4:31  Probe  
  37  4:35  Probe  
  39  4:41  Gateway  
  39  4:43  Twilight Council, Probe  
  40  4:51  Stalker  
  42  4:52  Sentry  
  42  4:55  Probe  
  43  5:07  Observer  
  43  5:12  Probe  
  45  5:16  Probe  
  46  5:21  Assimilator  
  46  5:22  Pylon  
Show
View Real Time Build Order
Export as new Build Order

XorMus Protoss 

Build Orders: Dark Templar Rush 

Get SALT Encoding   

  12  0:00  Probe  
  13  0:13  Probe  
  14  0:19  Pylon  
  14  0:25  Probe  
  15  0:35  Probe  
  15  0:40  Gateway  
  16  0:43  Probe  
  17  0:51  Assimilator  
  17  0:57  Probe, Assimilator  
  18  1:09  Probe  
  19  1:21  Probe  
  20  1:27  Cybernetics Core  
  20  1:29  Gateway  
  20  1:32  Probe  
  21  1:40  Probe  
  22  1:48  Probe  
  22  1:51  Pylon  
  23  1:56  Warp Gate  
  23  2:01  Pylon  
  23  2:14  Stalker  
  26  2:20  Stalker  
  27  2:31  Twilight Council  
  27  2:43  Probe  
  28  2:53  Shield Battery  
  28  2:59  Robotics Facility  
  28  3:00  Stalker  
  29  3:22  Stalker  
  31  3:27  Dark Shrine  
  28  3:36  Stalker  
  28  3:40  Probe  
  30  4:01  Warp Prism  
  32  4:04  Probe  
  31  4:34  Gateway  
  31  4:51  Probe  
  32  4:58  Dark Templar x2  
Tags
 
Add a new tag
Caveats
  • Supply blocks, unpowered buildings, or Contaminate may cause inaccurate times.
  • Supply counts are checked every 10 seconds.